Map: Altitude LE

Players

SpaceMeatpod - Winner!

  • Race: Zerg Zerg
  • League: Diamond
  • Spawn Location: 7:00

geightman

  • Race: Protoss Protoss
  • League: Diamond
  • Spawn Location: 1:00

VOD

Have the link to the VOD?

Description

Time

  • Played on: July 4, 2023, 12:32 a.m.
  • Length: 4:12
Show
View Real Time Build Order
Export as new Build Order

SpaceMeatpod Zerg - Winner!

Build Orders: Hatch First 

Get SALT Encoding   

  12  0:00  Drone  
  13  0:08  Drone  
  13  0:14  Extractor, Drone  
  13  0:20  Extractor  
  14  0:21  Drone  
  16  0:42  Hatchery  
  16  0:49  Overlord  
  15  1:05  Spawning Pool  
  15  1:07  Drone  
  15  1:10  Drone  
  16  1:15  Drone  
  17  1:25  Drone  
  18  1:33  Drone  
  19  1:42  Drone  
  20  1:50  Drone  
  21  1:55  Queen  
  21  1:56  Queen  
  21  1:57  Zergling x2  
  26  2:01  Zergling x2  
  26  2:05  Drone  
  28  2:10  Extractor  
  28  2:12  Extractor  
  28  2:14  Drone, Roach Warren  
  26  2:18  Drone  
  27  2:24  Drone  
  27  2:27  Overlord  
  28  2:36  Overlord  
  28  2:58  Roach x4  
  35  3:00  Roach  
  37  3:06  Roach  
  37  3:08  Roach  
  41  3:13  Roach  
  41  3:15  Overlord  
  43  3:34  Zergling x12  
  45  3:38  Overlord  
  49  3:41  Ravager  
  49  3:45  Zergling x2  
  51  3:51  Spore Crawler  
  51  3:55  Drone  
Show
View Real Time Build Order
Export as new Build Order

geightman Protoss 

Build Orders: 1 Gate Expand, Dark Templar Rush 

Get SALT Encoding   

  12  0:00  Probe  
  13  0:13  Probe  
  14  0:20  Pylon  
  14  0:25  Probe  
  15  0:38  Probe (Chrono Boost)  
  15  0:39  Gateway  
  16  0:49  Assimilator, Probe (Chrono Boost)  
  17  0:54  Probe (Chrono Boost)  
  18  1:04  Probe  
  19  1:17  Probe  
  20  1:26  Nexus  
  20  1:36  Cybernetics Core  
  20  1:39  Probe  
  21  1:47  Pylon  
  21  1:51  Probe  
  22  1:54  Assimilator  
  22  2:04  Probe  
  23  2:13  Warp Gate, Adept  
  25  2:17  Probe  
  26  2:29  Probe (Chrono Boost)  
  27  2:31  Twilight Council  
  27  2:39  Probe (Chrono Boost)  
  27  2:41  Probe (Chrono Boost)  
  29  2:49  Probe (Chrono Boost)  
  29  2:50  Probe (Chrono Boost)  
  31  2:51  Adept  
  31  2:54  Probe (Chrono Boost)  
  31  2:55  Probe  
  35  2:58  Shield Battery  
  35  3:05  Probe  
  36  3:13  Dark Shrine  
  36  3:19  Pylon, Probe x2  
  38  3:22  Assimilator  
  38  3:24  Assimilator  
  38  3:26  Adept  
  40  3:31  Probe x2  
  42  3:38  Robotics Facility  
  42  3:45  Pylon  
  42  3:49  Probe  
  42  3:50  Probe  
  44  3:58  Gateway  
  44  3:59  Gateway  
  44  4:03  Pylon  
Tags
 
Add a new tag
Caveats
  • Supply blocks, unpowered buildings, or Contaminate may cause inaccurate times.
  • Supply counts are checked every 10 seconds.